 Dungeon Crawl Stone Soup version 0.19.4-9-g45fd643 (webtiles) character file.

46 vatarom the Firebug (level 3, -1/28 HPs)
             Began as a Demonspawn Fire Elementalist on Feb 20, 2017.
             Slain by an ogre
             ... wielding a +0 giant club
              (9 damage)
             ... on level 2 of the Dungeon.
             The game lasted 00:04:42 (2425 turns).

vatarom the Firebug (Demonspawn Fire Elementalist)  Turns: 2425, Time: 00:04:42

Health: -1/28      AC:  3    Str:  9    XL:     3   Next: 46%
Magic:  0/6        EV: 12    Int: 16    God:
Gold:   87         SH:  0    Dex: 13    Spells: 3 memorised, 0 levels left

rFire  . . .     SeeInvis .     g - +3 short sword
rCold  . . .     Gourm    .     a - +1 robe
rNeg   . . .     Faith    .     (no shield)
rPois  .         Spirit   .     (no helmet)
rElec  +         Reflect  .     (no cloak)
rCorr  +         Harm     .     (no gloves)
MR     .....                    (no boots)
Stlth  ++........               (no amulet)
                                (no ring)
                                j - ring of resist corrosion

@: very slightly contaminated
A: hooves 1, electricity resistance
a: no special abilities


You were on level 2 of the Dungeon.
You were very hungry.

You visited 1 branch of the dungeon, and saw 3 of its levels.

You collected 87 gold pieces.

Inventory:

Hand Weapons
 g - a +3 short sword (weapon)
Missiles
 h - 4 javelins (quivered)
Armour
 a - a +1 robe (worn)
Jewellery
 j - a ring of resist corrosion (left hand)
Scrolls
 e - a scroll of enchant armour
 i - 2 scrolls of identify
Books
 b - a book of Flames

   Spells                             Type                      Level
   a - Flame Tongue                   Conjuration/Fire             1
   b - Throw Flame                    Conjuration/Fire             2
   c - Conjure Flame                  Conjuration/Fire             3
   d - Inner Flame                    Hexes/Fire                   3
   e - Sticky Flame                   Conjuration/Fire             4
   f - Fireball                       Conjuration/Fire             5
Comestibles
 c - 3 bread rations
 d - 2 royal jellies
 f - 3 fruits
 k - a meat ration


   Skills:
 - Level 2.8 Fighting
 - Level 1.7 Dodging
 - Level 1.7 Stealth
 - Level 2.0 Spellcasting
 - Level 1.2 Conjurations
 + Level 2.9 Fire Magic


You couldn't memorise any spells.
You knew the following spells:

 Your Spells              Type           Power        Failure   Level  Hunger
a - Flame Tongue          Conj/Fire      #....        10%         1    #......
b - Throw Flame           Conj/Fire      #.....       14%         2    ###....
c - Conjure Flame         Conj/Fire      #.......     28%         3    ###....


Dungeon Overview and Level Annotations

Branches:
Dungeon (3/15)

Altars:


Innate Abilities, Weirdness & Mutations

You have large cloven feet.
You are resistant to electric shocks. (rElec)


Message History

The ogre is moderately wounded.
Casting: Flame Tongue
Confirm with . or Enter, or press ? or * to list all spells.
Aiming: Flame Tongue
Press: ? - help, Shift-Dir - straight line, f/p - ogre
Aim: an ogre, wielding a giant club (moderately wounded)
The flame tongue hits the ogre.
The ogre is heavily wounded.
The ogre hits you with a giant club!!
Ouch! That really hurt!
* * * LOW HITPOINT WARNING * * *
Casting: Flame Tongue
Confirm with . or Enter, or press ? or * to list all spells.
Aiming: Flame Tongue
Press: ? - help, Shift-Dir - straight line, f/p - ogre
Aim: an ogre, wielding a giant club (heavily wounded)
The flame tongue hits the ogre.
The ogre is heavily wounded.
The ogre hits you with a giant club!
You die...

.#.#.###
#......##.....#
##.....#
###....##########
.......#####.......#
##.................#
###########.......#
#...[...# #.......#
#....O..# #....@..#
#########


You could see an ogre.

Vanquished Creatures
  An ooze (D:1)
  A dart slug (D:2)
  A worm (D:2)
  A leopard gecko (D:2)
  A ball python (D:2)
  4 goblins (D:1)
  8 hobgoblins
  A jackal (D:1)
  5 kobolds
  4 bats
  A frilled lizard (D:2)
  6 rats
34 creatures vanquished.

Notes
Turn   | Place    | Note
-------+----------+-------------------------------------------
     0 | D:1      | vatarom the Demonspawn Fire Elementalist began the quest for the Orb.
     0 | D:1      | Reached XP level 1. HP: 13/13 MP: 3/3
   137 | D:1      | Reached skill level 1 in Fighting
   539 | D:1      | Gained mutation: You have large cloven feet. [demonic ancestry]
   539 | D:1      | Reached XP level 2. HP: 21/21 MP: 3/5
   543 | D:1      | Learned a level 2 spell: Throw Flame
  1174 | D:1      | Reached XP level 3. HP: 25/28 MP: 6/6
  1493 | D:2      | Learned a level 3 spell: Conjure Flame
  2218 | D:3      | Noticed an ogre
  2384 | D:3      | Gained mutation: You are resistant to electric shocks. (rElec) [potion of beneficial mutation]
  2425 | D:2      | Slain by an ogre

Skill      XL: |  1  2 |
---------------+-------+-----
Fighting       | 1 2 |  2.8
Dodging        | |  1.7
Stealth        | |  1.7
Spellcasting   | |  2.0
Conjurations   | |  1.2
Fire Magic     | |  2.9

Action                   || total
-------------------------++-------
Melee: Club              ||    33
       Unarmed           ||     5
       Short sword       ||    21
       Kick              ||     3
Throw: Javelin           ||     3
 Cast: Flame Tongue      ||    39
       Throw Flame       ||     1
  Use: Scroll            ||     6
       Potion            ||     3
 Stab: Sleeping          ||     4
  Eat: Bread ration      ||     1
Armor: Robe              ||    16
Dodge: Dodged            ||    43
